 Dungeon Crawl Stone Soup version 0.26.1-11-gd32895ea62 (webtiles) character file.

Game seed: 3046289180823289224

112 MajorAdolf the Magician (level 4, -4/36 HPs)
             Began as a Naga Wanderer on July 21, 2021.
             Killed by divine providence
             ... invoked by an orc priest
              (13 damage)
             ... on level 3 of the Dungeon.
             The game lasted 00:07:36 (3485 turns).

MajorAdolf the Magician (Naga Wanderer)             Turns: 3485, Time: 00:07:37

Health: -4/36      AC:  3    Str: 16    XL:     4   Next: 93%
Magic:  3/10       EV:  9    Int: 14    God:
Gold:   191        SH:  0    Dex:  8    Spells: 11/12 levels left

rFire    . . .     SeeInvis +   a - +3 dagger
rCold    . . .     Faith    .   (no shield)
rNeg     . . .     Spirit   .   e - +0 robe
rPois    +         Reflect  .   r - +0 helmet
rElec    .         Harm     .   (no cloak)
rCorr    .         Rampage  .   (no gloves)
Will     .....                  (no barding)
Stlth    ++........             (no amulet)
HPRegen  0.12/turn              (no ring)
MPRegen  0.12/turn              (no ring)

@: short of breath, flying, very slightly contaminated, very slow
A: large, see invisible, deformed body, poison resistance, slowness 2, spit
poison 1, AC +1
a: Spit Poison


You were on level 3 of the Dungeon.
You visited 1 branch of the dungeon, and saw 4 of its levels.

You collected 191 gold pieces.

Inventory:

Hand Weapons
 a - a +3 dagger (weapon)
 l - a +0 hand axe of draining
Armour
 e - a +0 robe (worn)
 r - a +0 helmet (worn)
Wands
 q - a wand of digging (2)
Scrolls
 f - a scroll of enchant weapon
 o - a scroll of identify
Potions
 b - 2 potions of haste
 c - a potion of magic
 g - a potion of flight
 i - a potion of heal wounds {unknown}
 n - a potion of lignification {unknown}
 p - a potion of berserk rage {unknown}


   Skills:
 - Level 1.0 Maces & Flails
 - Level 1.5 Armour
 + Level 4.3 Stealth
 + Level 4.7 Spellcasting
 - Level 1.0 Summonings
 + Level 0.8 Transmutations
 + Level 3.3 Poison Magic


You had 11 spell levels left.
You knew the following spells:

 Your Spells              Type           Power        Failure   Level
a - Sting                 Tmut/Pois      36%          8%          1

Your spell library contained the following spells:

 Spells                   Type           Power        Failure   Level
 Ignite Poison            Fire/Tmut/Pois 7%           30%         3


Dungeon Overview and Level Annotations

Branches:
Dungeon (4/15)
 Temple: D:4-7

Altars:

Annotations:
D:3 exclusion: orc


Innate Abilities, Weirdness & Mutations

You cannot wear boots.
Your serpentine skin is tough. (AC +1)
You have supernaturally acute eyesight. (SInv)
Armour fits poorly on your strangely shaped body.
Your system is resistant to poisons. (rPois)
You cover ground very slowly.
You can spit poison.


Message History

Press: ? - help, Q - select action, (/) - cycle Shift-Dir - straight line, f/p - orc priest
Aim: an orc priest, wielding a +0 short sword and wearing a +0 tower shield (severely wounded, poisoned, 23% to evade)
The orc priest blocks the sting.
The orc priest looks more healthy.
Unknown command.
Found a scroll labelled ISSEOP JICRIBO.
The orc closely misses you.
Okay, then.
As you read the scroll labelled ISSEOP JICRIBO, it crumbles to dust.
It is a scroll of identify.
c - a potion of magic It was a potion of flight.
You feel very buoyant.
You fly up into the air.
The orc closely misses you.
Press: ? - help, Shift-Dir - straight line, f/p - orc priest
Aim: an orc priest, wielding a +0 short sword and wearing a +0 tower shield (severely wounded)
The orc priest blocks the splash of poison.
The orc priest invokes the aid of Beogh against you.
Beogh smites you!
You die...

#############
.?.....o....##
.......@oo#..#
.#
#########.##.#
.# ... #.##.##.#
.... #.##..#.#
....
#o###.#.#.....
###.###.#.#.....
..[.............
....###...#....
....# ##..# ##


You could see 2 orc priests and an orc.

Vanquished Creatures
  Jessica (D:1)
  Robin (D:2)
  An ooze (D:1)
  A worm (D:1)
  3 dart slugs (D:1)
  2 leopard geckos
  An orc (D:3)
  A ball python (D:1)
  2 giant cockroaches (D:1)
  9 goblins
  9 hobgoblins (D:1)
  7 kobolds
  6 bats
  4 frilled lizards (D:1)
  9 rats (D:1)
57 creatures vanquished.

Notes
Turn   | Place    | Note
-------+----------+-------------------------------------------
     0 | D:1      | MajorAdolf the Naga Wanderer began the quest for the Orb.
     0 | D:1      | MajorAdolf set off with the following items: a +2 dagger, a
                  | potion of haste, a +0 mace, a +0 robe; and the following
                  | spell memorised: Sting; and the following spells available
                  | to memorise: Ignite Poison
     0 | D:1      | Reached XP level 1. HP: 15/15 MP: 5/5
   113 | D:1      | Reached skill level 1 in Poison Magic
   249 | D:1      | Reached XP level 2. HP: 22/22 MP: 7/7
   305 | D:1      | HP: 1/22 [kobold/+0 short sword (3)]
   797 | D:1      | Reached XP level 3. HP: 28/28 MP: 8/8
  2089 | D:2      | Noticed Robin
  2215 | D:1      | Reached XP level 4. HP: 6/36 MP: 3/10
  2479 | D:2      | Noticed Jessica
  2709 | D:1      | Killed Jessica
  3226 | D:2      | Killed Robin
  3317 | D:2      | You fall into a shaft and drop 2 floors!
  3485 | D:3      | Killed from afar by an orc priest

Illustrated notes

Levels and vault maps discovered:
D:1:      roderic_crossed_star, layout_loops_ring, dk_noncrumbling_3,
          minmay_misc_feat_square, minmay_hedge_maze, minmay_hexomino_c4
D:2:      layout_rooms, minmay_misc_feat_pillars, uniq_robin, uniq_jessica
D:3:      layout_basic, ebering_ghost_sewer_f
D:4:      layout_loops_ring, minmay_temple_entry_fiery

Skill      XL: |  1  2  3  4 |
---------------+-------------+-----
Poison Magic   | 1 2 3 |  3.3
Stealth        | 4 |  4.3
Maces & Flails | |  1.0
Armour         | |  1.5
Spellcasting   | |  4.7
Summonings     | |  1.0
Transmutations | |  0.8

Action                   |  1- 3 |  4- 6 || total
-------------------------+-------+-------++-------
Melee: Dagger            |    69 |    12 ||    81
 Cast: Sting             |    50 |    36 ||    86
 Abil: Spit Poison       |    14 |     9 ||    23
  Use: Scroll            |     1 |     5 ||     6
       Potion            |       |     1 ||     1
 Stab: Sleeping          |     1 |       ||     1
Armor: Robe              |    30 |    10 ||    40
Dodge: Dodged            |    50 |    27 ||    77
